[Event "Titled Tuesday Blitz August 23 Late 2022"]
[White "Maksimovic, Bojan"]
[Black "Claverie, Christophe"]
[WhiteFideId "14408120"]
[BlackFideId "605514"]
[WhiteElo "2447"]
[BlackElo "2300"]
[Result "1/2-1/2"]
[Round "07"]
[TimeControl "180+1"]
[Date "2022.08.23"]
[WhiteClock "0:00:04"]
[BlackClock "0:00:06"]

1. e4 c5 2. Nf3 d6 3. Bb5+ Bd7 4. a4 Nc6 5. O-O Nf6 6. d3 e6 7. Nc3 Be7 8. Re1 O-O 9. Bxc6 Bxc6 10. e5 dxe5 11. Nxe5 Rc8 12. Nb5 Qd5 13. Nxc6 bxc6 14. Nc3 Qd7 15. b3 Nd5 16. Bb2 Bf6 17. Qd2 Bd4 18. Rab1 f5 19. Ne2 Bxb2 20. Rxb2 e5 21. Rbb1 Rce8 22. Kh1 Re6 23. Ng1 Rfe8 24. Nf3 Qe7 25. Qg5 Qf7 26. Qd2 h6 27. Rg1 e4 28. Ne1 Qh5 29. Qd1 Qg5 30. Qc1 Qg6 31. Ra1 Qh5 32. a5 Re5 33. dxe4 fxe4 34. Qd2 R8e6 35. g3 e3 36. fxe3 Rxe3 37. Ng2 Rxg3 38. Rae1 Reg6 39. Re8+ Kh7 40. c4 Nf6 41. Ree1 Ng4 42. Nf4 Rxg1+ 43. Rxg1 Qf5 44. Nxg6 Qf3+ 45. Rg2 Qf1+ 46. Rg1 Nf2+ 47. Qxf2 Qxf2 48. Ne5 Qe2 49. Ng6 Qe4+ 50. Rg2 h5 51. h4 Qf3 52. Kh2 Qe4 53. Nf8+ Kg8 54. Ng6 Kh7 55. Nf8+ Kg8 56. Ng6 Kf7 57. Rg5 Qe2+ 58. Kg3 Qe3+ 59. Kg2 Qe2+ 60. Kg3 Qe3+ 61. Kg2 Qd2+ 62. Kf3 Qc3+ 63. Ke4 Qd4+ 64. Kf5 Qd3+ 65. Kf4 Qd4+ 66. Kf5 Qd3+ 67. Kf4 Qd2+ 68. Kf5 Qc2+ 69. Kf4 Qd2+ 70. Kf5 Qd3+ 1/2-1/2


[Site "https://www.chess.com"]

[Event "Titled Tuesday Blitz August 23 Late 2022"]
[White "Martic, Ivan"]
[Black "Seo, Jung Min"]
[WhiteFideId "929301"]
[BlackFideId "1734687"]
[WhiteElo "2355"]
[BlackElo "2414"]
[Result "0-1"]
[Round "07"]
[TimeControl "180+1"]
[Date "2022.08.23"]
[WhiteClock "0:00:02"]
[BlackClock "0:00:59"]

1. e4 c5 2. Nf3 Nc6 3. d4 cxd4 4. Nxd4 Nf6 5. Nc3 d6 6. Bg5 Bd7 7. Be2 e6 8. Bxf6 gxf6 9. O-O a6 10. Nb3 b5 11. a3 Rc8 12. f4 Na5 13. Nxa5 Qxa5 14. Bh5 Ke7 15. f5 Bh6 16. Rf3 Rc4 17. Kh1 Qb6 18. Rh3 Bf4 19. Qg4 Be5 20. Qg7 Rf8 21. Bg4 Bxc3 22. bxc3 Rxe4 23. fxe6 Bxe6 24. Bxe6 Rxe6 25. Rxh7 Qf2 26. h3 Qxc2 27. Rf1 Qxc3 28. Rh5 Re1 29. Rf5 Rxf1+ 30. Rxf1 Rc8 31. Qg4 Rc5 32. Qf4 Qe5 33. Qf3 a5 34. Qa8 a4 35. Qb7+ Kf8 36. Qf3 Rc3 37. Qf2 Rxa3 38. Re1 Ra1 0-1


[Site "https://www.chess.com"]

[Event "Titled Tuesday Blitz August 23 Late 2022"]
[White "Martinez Alcantara, Jose Eduardo"]
[Black "Melkumyan, Hrant"]
[WhiteFideId "3805662"]
[BlackFideId "13302485"]
[WhiteElo "2703"]
[BlackElo "2604"]
[Result "1/2-1/2"]
[Round "07"]
[TimeControl "180+1"]
[Date "2022.08.23"]
[WhiteClock "0:00:02"]
[BlackClock "0:00:04"]

1. e4 c5 2. Nf3 Nc6 3. c3 Nf6 4. Bd3 e5 5. Qe2 g6 6. Bc4 Bg7 7. d3 O-O 8. Bg5 d6 9. Nbd2 Na5 10. Bd5 h6 11. Bxf6 Qxf6 12. Nf1 Nc6 13. Ne3 Ne7 14. Bc4 h5 15. h3 Bh6 16. g4 h4 17. Rg1 Bg5 18. Nf5 Rd8 19. Nxg5 Qxg5 20. Ne3 Bd7 21. Qf3 Rf8 22. Ke2 b5 23. Bb3 a5 24. a3 Rab8 25. Nf5 a4 26. Nxe7+ Qxe7 27. Bd5 g5 28. Rgc1 Kg7 29. Qe3 Rfc8 30. Rc2 Be8 31. Rac1 Qf6 32. f3 Rb6 33. Ke1 Rcb8 34. Kf1 b4 35. cxb4 cxb4 36. Rc7 bxa3 37. bxa3 Rb2 38. Kg1 Qf4 39. Qxf4 exf4 40. R7c2 R2b6 41. d4 Kf6 42. Rc8 Bd7 43. R8c7 Be6 44. Bxe6 Kxe6 45. d5+ Kf6 46. Rd7 Rf8 47. Rc6 Rxc6 48. dxc6 Ke6 49. Ra7 Rb8 50. Rxa4 Rb1+ 51. Kf2 Rc1 52. Ra5 Rxc6 53. Rxg5 Rc2+ 54. Kf1 Rc3 55. Kg2 Rc2+ 56. Kg1 Rc3 57. Kg2 Rc2+ 58. Kf1 Rc3 59. Ke2 Rc2+ 60. Ke1 Rc3 61. Ke2 Rc2+ 62. Ke1 Rc3 63. Kf2 Rc2+ 64. Kf1 1/2-1/2


[Site "https://www.chess.com"]

[Event "Titled Tuesday Blitz August 23 Late 2022"]
[White "Mathieu, Phileas"]
[Black "Preotu, Razvan"]
[WhiteFideId "36048410"]
[BlackFideId "2613280"]
[WhiteElo "2138"]
[BlackElo "2407"]
[Result "1/2-1/2"]
[Round "07"]
[TimeControl "180+1"]
[Date "2022.08.23"]
[WhiteClock "0:00:08"]
[BlackClock "0:00:01"]

1. e4 c5 2. Nc3 d6 3. d4 cxd4 4. Qxd4 Nc6 5. Qd2 g6 6. b3 Bh6 7. f4 Nf6 8. Bb2 O-O 9. O-O-O e5 10. g3 Nd4 11. Nge2 Bg4 12. Nxd4 exd4 13. Qxd4 Bxd1 14. Nxd1 Bg7 15. Bc4 d5 16. Bxd5 Qb6 17. Qxb6 axb6 18. Bxb7 Ra7 19. e5 Rxb7 20. exf6 Bh6 21. Ne3 Rd8 22. Rd1 Rxd1+ 23. Kxd1 Rd7+ 24. Ke2 Bf8 25. c4 Bc5 26. Nd5 b5 27. Kd3 Bg1 28. h3 Bh2 29. Be5 Bxg3 30. Ke4 bxc4 31. bxc4 Bf2 32. Bd4 Bxd4 33. Kxd4 Kf8 34. c5 Ke8 35. c6 Ra7 36. Ne7 Kd8 37. Kd5 Rxa2 38. Kd6 Rd2+ 39. Nd5 Kc8 40. c7 Kb7 41. h4 h5 42. Kc5 Rc2+ 43. Kd6 Rd2 44. Kc5 Rd1 45. Kd6 Rd3 46. Ke5 Rd1 47. Kd6 Rd2 1/2-1/2


[Site "https://www.chess.com"]

[Event "Titled Tuesday Blitz August 23 Late 2022"]
[White "Moroni, Luca Jr"]
[Black "Caruana, Fabiano"]
[WhiteFideId "865834"]
[BlackFideId "2020009"]
[WhiteElo "2573"]
[BlackElo "2847"]
[Result "0-1"]
[Round "07"]
[TimeControl "180+1"]
[Date "2022.08.23"]
[WhiteClock "0:00:23"]
[BlackClock "0:00:39"]

1. d4 Nf6 2. Bf4 g6 3. Nc3 d5 4. Nb5 Na6 5. e3 Bg7 6. h3 O-O 7. Nf3 c6 8. Nc3 Nb8 9. Bd3 a5 10. a4 Na6 11. O-O Nb4 12. Be5 Nxd3 13. cxd3 Bh6 14. e4 Be6 15. Re1 Qb6 16. Qc2 Rad8 17. Rad1 dxe4 18. dxe4 Bb3 19. Qe2 Bxd1 20. Rxd1 Nh5 21. Qc2 Bg7 22. Bxg7 Nxg7 23. g3 Ne6 24. d5 Nc5 25. h4 Qb3 26. Qd2 cxd5 27. exd5 Nxa4 28. Qh6 Nxc3 29. Re1 Nxd5 30. Ng5 Nf6 31. Rxe7 Rd1+ 32. Kh2 Ng4+ 0-1


[Site "https://www.chess.com"]

[Event "Titled Tuesday Blitz August 23 Late 2022"]
[White "Noboa Silva, Kevin"]
[Black "Boruchovsky, Avital"]
[WhiteFideId "3618471"]
[BlackFideId "2800055"]
[WhiteElo "2172"]
[BlackElo "2466"]
[Result "0-1"]
[Round "07"]
[TimeControl "180+1"]
[Date "2022.08.23"]
[WhiteClock "0:00:39"]
[BlackClock "0:01:32"]

1. d4 d5 2. c4 e6 3. Nc3 c5 4. cxd5 cxd4 5. Qa4+ Bd7 6. Qxd4 exd5 7. Qxd5 Nf6 8. Qd1 Bc5 9. Nf3 O-O 10. Bg5 Qb6 11. e3 Qxb2 12. Bxf6 gxf6 13. Rc1 Bb4 14. Qd2 Qxd2+ 15. Nxd2 Rc8 16. Ne2 Na6 17. Rxc8+ Rxc8 18. Nd4 Rc1+ 19. Ke2 Ra1 20. N2b3 Rxa2+ 21. Kf3 Nc5 22. Nxc5 Bxc5 23. Bc4 Rc2 24. Bd5 b5 25. Rb1 Bxd4 26. exd4 a5 27. Re1 Kf8 28. Re4 a4 29. Rh4 a3 30. Rxh7 Be6 31. Bxe6 fxe6 32. Ra7 a2 33. d5 exd5 34. Kg4 b4 35. f4 b3 36. Kf5 Rc1 37. Kxf6 a1=Q+ 0-1


[Site "https://www.chess.com"]

[Event "Titled Tuesday Blitz August 23 Late 2022"]
[White "Ostrovskiy, Aleksandr"]
[Black "Siniauski, Artsiom"]
[WhiteFideId "2034239"]
[BlackFideId "13512269"]
[WhiteElo "2340"]
[BlackElo "2139"]
[Result "0-1"]
[Round "07"]
[TimeControl "180+1"]
[Date "2022.08.23"]
[WhiteClock "0:00:05"]
[BlackClock "0:00:09"]

1. d4 Nf6 2. Bf4 g6 3. e3 Bg7 4. h3 O-O 5. Nf3 b6 6. Be2 Bb7 7. O-O d6 8. Bh2 Nbd7 9. a4 a6 10. c4 Qe8 11. b4 e5 12. Nc3 Qe7 13. a5 bxa5 14. bxa5 c5 15. d5 e4 16. Nd2 Ne8 17. Qc2 f5 18. Rab1 Rb8 19. Na4 Nef6 20. Rb3 Ba8 21. Nb6 Ne5 22. Nxa8 Rxa8 23. Rfb1 Nfd7 24. Rb7 Rfb8 25. Qa4 Qd8 26. f4 exf3 27. Nxf3 Rxb7 28. Rxb7 Rb8 29. Qb3 Rxb7 30. Qxb7 Qxa5 31. Qc8+ Bf8 32. Kf2 Qc3 33. Nxe5 Nxe5 34. Qe6+ Nf7 35. h4 a5 36. h5 gxh5 37. Bxh5 Qc2+ 38. Kg3 f4+ 39. Kh3 Qe4 40. Qxe4 Ng5+ 41. Kg4 Nxe4 42. Bxf4 Nd2 43. Be8 Nxc4 44. Bb5 Nb2 45. e4 a4 46. e5 dxe5 47. Bxe5 a3 48. Bd7 Kf7 49. Be6+ Ke7 50. Kf5 Nc4 51. Bf6+ Ke8 52. Ba1 Bd6 53. g4 Be5 54. Bxe5 Nxe5 55. d6 Nc6 56. Ke4 Nb4 57. Ke5 a2 58. Bxa2 Nxa2 59. Kf6 Kd7 60. Kg7 c4 61. Kxh7 c3 62. g5 c2 63. g6 c1=Q 64. g7 Qh1+ 65. Kg6 Qg2+ 66. Kf7 Qf3+ 67. Kg6 Qg4+ 68. Kf7 Qf5+ 69. Kg8 Kxd6 70. Kh8 Qh5+ 71. Kg8 Ke6 0-1


[Site "https://www.chess.com"]

[Event "Titled Tuesday Blitz August 23 Late 2022"]
[White "Pakleza, Zbigniew"]
[Black "Bjelobrk, Igor"]
[WhiteFideId "1119290"]
[BlackFideId "4300726"]
[WhiteElo "2411"]
[BlackElo "2335"]
[Result "1-0"]
[Round "07"]
[TimeControl "180+1"]
[Date "2022.08.23"]
[WhiteClock "0:00:02"]
[BlackClock "0:00:02"]

1. d4 Nf6 2. Nf3 d5 3. Bf4 e6 4. e3 Bd6 5. Bg3 O-O 6. Nbd2 c5 7. c3 Qc7 8. Be2 Nbd7 9. c4 b6 10. Rc1 Bb7 11. O-O Bxg3 12. hxg3 Rac8 13. dxc5 Qxc5 14. Nd4 Qd6 15. cxd5 Bxd5 16. Qa4 Qb8 17. b4 Ne5 18. Ba6 Rxc1 19. Rxc1 h6 20. N2f3 Ne4 21. Nxe5 Qxe5 22. Nf3 Qb2 23. Rc2 Qa1+ 24. Bf1 Qd1 25. Nd4 e5 26. Nf5 Nc3 27. Ne7+ Kh8 28. Qd7 Qxc2 29. Nxd5 Nxd5 30. Qxd5 Qc7 31. Bc4 f6 32. Qe4 g5 33. g4 Qg7 34. Bd3 Rd8 35. g3 Kg8 36. Bc4+ Kf8 37. a3 Qc7 38. Bd3 Qc1+ 39. Kg2 Qc7 40. Qf5 Qg7 41. Be4 Ke7 42. Qf3 Rd6 43. Qe2 Qf7 44. Qa6 Kf8 45. Qc8+ Kg7 46. Qc2 Qe7 47. Qc8 Qd7 48. Qb8 Rd2 49. a4 a5 50. b5 Rd6 51. Bf3 Qe7 52. Qc8 Re6 53. Bd5 Qe8 54. Qxe6 Qxe6 55. Bxe6 1-0


[Site "https://www.chess.com"]

[Event "Titled Tuesday Blitz August 23 Late 2022"]
[White "Paravyan, David"]
[Black "Matinian, Nikita"]
[WhiteFideId "4194985"]
[BlackFideId "24129100"]
[WhiteElo "2569"]
[BlackElo "2422"]
[Result "1-0"]
[Round "07"]
[TimeControl "180+1"]
[Date "2022.08.23"]
[WhiteClock "0:00:07"]
[BlackClock "0:00:02"]

1. e4 c5 2. Nf3 d6 3. d4 cxd4 4. Nxd4 Nf6 5. Nc3 g6 6. Be3 Bg7 7. f3 O-O 8. Qd2 Nc6 9. Bc4 Rb8 10. O-O Bd7 11. Nxc6 bxc6 12. Bb3 a5 13. Rad1 Qc7 14. Kh1 Rb7 15. Bh6 c5 16. Bxg7 Kxg7 17. Nd5 Nxd5 18. Bxd5 Bc6 19. Bxc6 Qxc6 20. Qxa5 Rb4 21. a3 Ra4 22. Qc3+ f6 23. Rfe1 Rb8 24. h3 Qb6 25. b3 Rxa3 26. f4 Qb4 27. Qe3 c4 28. e5 dxe5 29. fxe5 f5 30. c3 Qb6 31. Qg5 Qe6 32. bxc4 Rxc3 33. Rd4 h6 34. Qd2 Rbb3 35. Rd7 Rxc4 36. Qd6 Kf7 37. Ra1 Rc6 38. Rxe7+ Qxe7 39. Qxc6 Rb7 40. Qd5+ Kg7 41. Ra6 Rd7 42. Rd6 Rxd6 43. exd6 Qd7 44. Kh2 Kf6 45. h4 Qe6 46. Qd4+ Kf7 47. d7 1-0


[Site "https://www.chess.com"]

[Event "Titled Tuesday Blitz August 23 Late 2022"]
[White "Pulpan, Jakub"]
[Black "Sarana, Alexey"]
[WhiteFideId "302759"]
[BlackFideId "24133795"]
[WhiteElo "2451"]
[BlackElo "2666"]
[Result "1-0"]
[Round "07"]
[TimeControl "180+1"]
[Date "2022.08.23"]
[WhiteClock "0:00:26"]
[BlackClock "0:00:05"]

1. Nf3 d5 2. d4 Nf6 3. c4 e6 4. Bg5 Bb4+ 5. Nbd2 dxc4 6. e3 b5 7. a3 Be7 8. a4 c6 9. axb5 cxb5 10. b3 c3 11. Bxb5+ Bd7 12. Bxd7+ Nfxd7 13. Ne4 Bxg5 14. Nexg5 Nc6 15. Qc2 Rc8 16. Qxc3 e5 17. dxe5 Ncxe5 18. Qd4 O-O 19. Nxe5 Qxg5 20. Nxd7 Qxg2 21. Rf1 Rfd8 22. Rd1 Re8 23. Ne5 Qxh2 24. Nf3 Qh3 25. Ke2 g6 26. Rh1 1-0


[Site "https://www.chess.com"]

[Event "Titled Tuesday Blitz August 23 Late 2022"]
[White "Salem, A.R. Saleh"]
[Black "Bortnyk, Olexandr"]
[WhiteFideId "9301348"]
[BlackFideId "14120828"]
[WhiteElo "2674"]
[BlackElo "2723"]
[Result "0-1"]
[Round "07"]
[TimeControl "180+1"]
[Date "2022.08.23"]
[WhiteClock "0:00:05"]
[BlackClock "0:00:09"]

1. d4 e6 2. c4 b6 3. a3 Bb7 4. Nc3 f5 5. Nf3 Nf6 6. d5 Bd6 7. g3 O-O 8. Bg2 a5 9. O-O Na6 10. Nd4 Nc5 11. Qc2 Qe8 12. Bd2 a4 13. Rad1 Qh5 14. Bc1 f4 15. gxf4 e5 16. Ndb5 Rae8 17. Nxd6 cxd6 18. fxe5 Ng4 19. h3 Nxe5 20. Rd4 Ba6 21. Ne4 Nxe4 22. Rxe4 Rc8 23. Qxa4 Bxc4 24. Qd1 Ng6 25. Rg4 h6 26. b3 Ba6 27. Bb2 Ne5 28. Bxe5 Qxe5 29. Re1 Rc3 30. Qd2 Qf6 31. e4 Rxb3 32. a4 Rb2 33. Qe3 Qxf2+ 34. Qxf2 Rfxf2 35. e5 dxe5 36. Rxe5 Rfe2 37. Rxe2 Rxe2 38. Rb4 Re1+ 39. Kf2 Ra1 40. Be4 Kf7 41. Ke3 Ke7 42. Kd4 Bf1 43. h4 Ra3 44. Ke5 d6+ 45. Kf4 Rh3 46. Rxb6 Rxh4+ 47. Ke3 Rh3+ 48. Kd4 Ra3 49. Bc2 h5 50. Rb7+ Kf6 51. Rb8 h4 52. Rf8+ Ke7 53. Rxf1 g5 54. Kc4 g4 55. Rf4 Rg3 56. Bf5 h3 57. Rxg4 h2 58. Rh4 Rg2 59. Be4 Re2 60. Bf3 Rf2 61. Bh1 Kf6 62. Kb5 Kg5 63. Rh8 Kg4 64. a5 Kg3 65. Rg8+ Kh3 66. a6 Rb2+ 67. Kc6 Ra2 68. Kb7 Rb2+ 69. Kc7 Ra2 70. Kxd6 Rxa6+ 71. Ke5 Ra1 72. Be4 Re1 73. d6 Rxe4+ 74. Kf5 h1=Q 75. Rh8+ Rh4 76. Rxh4+ Kxh4 77. Ke6 Qe4+ 78. Kf7 Qd5+ 79. Ke7 Qe5+ 0-1


[Site "https://www.chess.com"]

[Event "Titled Tuesday Blitz August 23 Late 2022"]
[White "Schmakel, Sam"]
[Black "Manelyuk, Daniil"]
[WhiteFideId "2039311"]
[BlackFideId "44173920"]
[WhiteElo "2356"]
[BlackElo "2209"]
[Result "1-0"]
[Round "07"]
[TimeControl "180+1"]
[Date "2022.08.23"]
[WhiteClock "0:01:07"]
[BlackClock "0:00:17"]

1. d4 Nf6 2. Bf4 c5 3. e3 b6 4. Nf3 Bb7 5. Be2 g6 6. O-O Bg7 7. c4 O-O 8. Nc3 cxd4 9. exd4 d5 10. Re1 e6 11. Rc1 Nc6 12. c5 bxc5 13. dxc5 Ne4 14. Nxe4 dxe4 15. Nd2 e5 16. Be3 f5 17. Qb3+ Kh8 18. Qxb7 f4 19. Qxc6 fxe3 20. Nxe4 exf2+ 21. Nxf2 e4 22. Qxe4 Qd2 23. Qc2 Qg5 24. Rcd1 Qh4 25. Bf3 Rae8 26. Rxe8 Rxe8 27. c6 Bd4 28. c7 1-0


[Site "https://www.chess.com"]

[Event "Titled Tuesday Blitz August 23 Late 2022"]
[White "Senthil Maran K"]
[Black "Harvey, Marcus R"]
[WhiteFideId "25035681"]
[BlackFideId "400092"]
[WhiteElo "2124"]
[BlackElo "2485"]
[Result "0-1"]
[Round "07"]
[TimeControl "180+1"]
[Date "2022.08.23"]
[WhiteClock "0:00:06"]
[BlackClock "0:00:06"]

1. g3 d5 2. Nf3 Bg4 3. Bg2 Nd7 4. d4 e6 5. c4 Ngf6 6. O-O Bd6 7. Nc3 O-O 8. Qb3 dxc4 9. Qxb7 Nb6 10. e4 Bxf3 11. Bxf3 e5 12. d5 Qd7 13. Qc6 Qxc6 14. dxc6 Bc5 15. a4 Rad8 16. a5 Nc8 17. Bg5 Ne7 18. Bxf6 gxf6 19. Be2 Bd4 20. Bxc4 Bxc3 21. bxc3 Rd6 22. Bb5 Nxc6 23. Rfd1 Rxd1+ 24. Rxd1 Rd8 25. Ra1 Ne7 26. Kf1 Kf8 27. Ke2 c6 28. Bc4 Nc8 29. Rb1 Nd6 30. Bd3 c5 31. f3 Ke7 32. a6 c4 33. Bc2 Rc8 34. Ba4 Rc5 35. Ke3 Ra5 36. Rb7+ Kf8 37. Bc6 Rxa6 38. Rc7 Ra3 39. Bd5 Rxc3+ 40. Ke2 a5 41. Rd7 Nb5 42. Rxf7+ Ke8 43. Rb7 Nd4+ 44. Kd2 Rd3+ 45. Kc1 c3 46. f4 Ne2+ 47. Kc2 Rd2+ 48. Kb1 c2+ 49. Ka2 c1=Q+ 0-1


[Site "https://www.chess.com"]

[Event "Titled Tuesday Blitz August 23 Late 2022"]
[White "Shimanov, Aleksandr"]
[Black "Mladek, Richard"]
[WhiteFideId "4198603"]
[BlackFideId "386588"]
[WhiteElo "2605"]
[BlackElo "2263"]
[Result "1-0"]
[Round "07"]
[TimeControl "180+1"]
[Date "2022.08.23"]
[WhiteClock "0:01:31"]
[BlackClock "0:00:04"]

1. e4 e5 2. Nf3 Nc6 3. Nc3 Nf6 4. h3 g6 5. Bc4 Bg7 6. d3 O-O 7. Bg5 h6 8. Be3 d6 9. Qd2 Kh7 10. O-O Na5 11. Bb3 c6 12. d4 Nxb3 13. axb3 exd4 14. Bxd4 Re8 15. Rfe1 c5 16. Bxf6 Bxf6 17. Rad1 Re6 18. e5 Be7 19. Nd5 dxe5 20. Nxe5 Kg8 21. Qxh6 Bf8 22. Qf4 f5 23. c4 Bd6 24. Qg3 Qe8 25. f4 Bd7 26. Qg5 Kg7 27. Ne3 Bxe5 28. Nxf5+ Kg8 29. fxe5 Bc6 30. Nh6+ Kh7 31. Ng4 Kg7 32. Qh6+ Kg8 33. Nf6+ Rxf6 34. exf6 Qf7 35. Re7 Qxf6 36. Qh7+ Kf8 37. Rf1 1-0


[Site "https://www.chess.com"]

[Event "Titled Tuesday Blitz August 23 Late 2022"]
[White "Shirov, Alexei"]
[Black "Howell, David W L"]
[WhiteFideId "2209390"]
[BlackFideId "410608"]
[WhiteElo "2678"]
[BlackElo "2559"]
[Result "0-1"]
[Round "07"]
[TimeControl "180+1"]
[Date "2022.08.23"]
[WhiteClock "0:00:02"]
[BlackClock "0:00:05"]

1. e4 c6 2. d4 d5 3. e5 Bf5 4. Nf3 e6 5. Be2 Ne7 6. O-O Nd7 7. Nh4 Be4 8. Nd2 c5 9. Nxe4 dxe4 10. g3 Rc8 11. c3 cxd4 12. Qxd4 Nc5 13. Be3 Nc6 14. Bb5 Be7 15. Qxd8+ Kxd8 16. Rad1+ Kc7 17. Bxc6 Kxc6 18. Bxc5 Bxc5 19. b4 Be7 20. Rd4 Kb6 21. Rc1 Rhd8 22. Rxe4 Rd2 23. a4 Rd3 24. c4 Bxb4 25. Kg2 a5 26. Nf3 Rc7 27. Rg4 g6 28. h4 h5 29. Rf4 Rdd7 30. Rc2 Ka6 31. Ng5 Bc5 32. Ne4 Bd4 33. Rf3 Bxe5 34. Rb3 Bd4 35. Rb5 b6 36. Ng5 Bc5 37. Ne4 Rd4 38. Kf3 Bb4 39. c5 bxc5 40. Nxc5+ Rxc5 41. Rbxc5 Bxc5 42. Rxc5 Rxa4 43. Rc7 f5 44. Rc6+ Kb5 45. Rxe6 Rg4 46. Re8 a4 47. Ra8 Kb4 48. Kg2 f4 49. Ra6 fxg3 50. f3 Rxh4 51. Rxg6 a3 52. Kxg3 Rc4 53. Ra6 Kb3 54. f4 a2 55. f5 Ra4 0-1


[Site "https://www.chess.com"]

[Event "Titled Tuesday Blitz August 23 Late 2022"]
[White "Tahbaz, Arash"]
[Black "Nazaretyan, Tigran"]
[WhiteFideId "12528846"]
[BlackFideId "24162345"]
[WhiteElo "2378"]
[BlackElo "2183"]
[Result "0-1"]
[Round "07"]
[TimeControl "180+1"]
[Date "2022.08.23"]
[WhiteClock "0:00:29"]
[BlackClock "0:00:11"]

1. Nf3 Nf6 2. g3 d5 3. Bg2 c6 4. O-O Bg4 5. d3 Nbd7 6. c4 e6 7. cxd5 exd5 8. Nc3 Bc5 9. a3 a5 10. Qb3 Qb6 11. Qc2 Qa7 12. Bf4 O-O 13. Na4 Rfe8 14. Nxc5 Qxc5 15. Qd2 a4 16. h3 Bh5 17. g4 Bg6 18. Rac1 Qb6 19. Nh4 Nc5 20. Be3 Nb3 21. Bxb6 Nxd2 22. Rfe1 Nb3 23. Rcd1 Re7 24. f4 d4 25. Nf3 c5 26. Ne5 Nd7 27. Nc4 f5 28. Bxb7 Nxb6 29. Bxa8 Nxa8 30. Ne5 Nc7 31. Kf2 Nd5 32. Kg3 Ne3 33. Rb1 Be8 34. g5 Bh5 35. h4 Rb7 36. Nc6 Nc2 37. Kf2 Nxe1 38. Kxe1 h6 39. Ne5 hxg5 40. hxg5 Bf7 41. g6 Bd5 42. Kf2 Nd2 43. Rc1 Nb3 44. Rh1 Kf8 45. Rh8+ Bg8 46. Rh5 Be6 47. Rh8+ Ke7 48. Ra8 Bd7 49. Rg8 Kf6 50. Rf8+ Ke6 51. Rf7 Bc8 52. Rf8 Rc7 53. Re8+ Kd5 54. Rd8+ Ke6 55. Re8+ Kf6 56. Rf8+ Ke7 57. Rg8 Kd6 58. Nf7+ Kc6 59. Rxg7 Be6 60. Rh7 Bxf7 61. Rxf7 Rc8 62. g7 Rg8 63. Kg3 Kd6 64. Kh4 Ke6 65. Ra7 Kf6 66. Ra6+ Kxg7 67. Kg5 Kf7+ 68. Kxf5 Rg2 69. Rxa4 Rxe2 70. Ra7+ Ke8 71. a4 Nc1 72. a5 Nxd3 73. a6 Rxb2 74. Rb7 Ra2 75. a7 c4 76. Ke6 Nc5+ 77. Kd5 Nxb7 0-1


[Site "https://www.chess.com"]

[Event "Titled Tuesday Blitz August 23 Late 2022"]
[White "Wan, Joseph"]
[Black "Postnikov, Daniil"]
[WhiteFideId "2069890"]
[BlackFideId "4166329"]
[WhiteElo "2198"]
[BlackElo "2261"]
[Result "1-0"]
[Round "07"]
[TimeControl "180+1"]
[Date "2022.08.23"]
[WhiteClock "0:00:02"]
[BlackClock "0:00:01"]

1. d4 Nf6 2. Bf4 c5 3. e3 g6 4. Nf3 Bg7 5. h3 O-O 6. Be2 d5 7. O-O Nc6 8. c3 Nd7 9. Nbd2 e5 10. dxe5 Ndxe5 11. Nxe5 Nxe5 12. Nf3 Nxf3+ 13. Bxf3 Be6 14. c4 dxc4 15. Bxb7 Bxb2 16. Bxa8 Qxa8 17. Rb1 c3 18. Bh6 Rd8 19. Qa4 Bf5 20. Qh4 f6 21. Qxf6 Rd7 22. Rbd1 c2 23. Qxb2 cxd1=Q 24. Rxd1 Rxd1+ 25. Kh2 Rd7 26. f3 Qe8 27. e4 Be6 28. Qe5 Rf7 29. Be3 Bd7 30. Qxc5 Qb8+ 31. e5 Kg7 32. Qd5 Qe8 33. Qd4 Be6 34. a4 Qc6 35. Bg5 Rd7 36. Qf4 Rf7 37. Qd4 Qd5 38. Qe3 h5 39. Bf6+ Kh7 40. Qc3 Qc4 41. Qd2 Qxa4 42. Qg5 Qc2 43. Qe3 Qf5 44. Kg3 a5 45. Qd2 a4 46. Qd8 Rxf6 47. exf6 Qe5+ 48. f4 Qc3+ 49. Kh2 Qb4 50. Qc7+ Kh6 51. Qg7# 1-0


[Site "https://www.chess.com"]

[Event "Titled Tuesday Blitz August 23 Late 2022"]
[White "Xiong, Jeffery"]
[Black "Bok, Benjamin"]
[WhiteFideId "2047640"]
[BlackFideId "1017063"]
[WhiteElo "2714"]
[BlackElo "2658"]
[Result "1-0"]
[Round "07"]
[TimeControl "180+1"]
[Date "2022.08.23"]
[WhiteClock "0:00:16"]
[BlackClock "0:00:03"]

1. c4 c5 2. Nf3 Nc6 3. Nc3 Nf6 4. e4 e6 5. Be2 Qb6 6. O-O Be7 7. a3 O-O 8. Rb1 Rd8 9. b4 cxb4 10. axb4 d5 11. e5 Ne4 12. c5 Qc7 13. Nb5 Qb8 14. Nd6 f6 15. Qc2 Ng5 16. Nxg5 fxg5 17. Qc3 b6 18. b5 Nxe5 19. d4 Bxd6 20. Bxg5 Nf7 21. Bxd8 Bxh2+ 22. Kh1 Nxd8 23. g3 bxc5 24. dxc5 d4 25. Qxd4 Nf7 26. Kxh2 Qc7 27. Rbd1 Bb7 28. c6 Bxc6 29. bxc6 Qe7 30. Bg4 Qf6 31. Qxf6 gxf6 32. Bxe6 1-0


[Site "https://www.chess.com"]

[Event "Titled Tuesday Blitz August 23 Late 2022"]
[White "Yaksin, Oleg"]
[Black "Kosteniuk, Alexandra"]
[WhiteFideId "24105880"]
[BlackFideId "4128125"]
[WhiteElo "2256"]
[BlackElo "2469"]
[Result "0-1"]
[Round "07"]
[TimeControl "180+1"]
[Date "2022.08.23"]
[WhiteClock "0:00:04"]
[BlackClock "0:00:31"]

1. d4 f5 2. Nc3 Nf6 3. Bg5 d5 4. Bxf6 exf6 5. e3 c6 6. Bd3 Qb6 7. Qc1 Na6 8. a3 Be6 9. Nge2 g6 10. Nf4 Bf7 11. h3 Bd6 12. Nce2 g5 13. Bxa6 Qxa6 14. Nd3 b6 15. h4 O-O-O 16. hxg5 fxg5 17. b3 Rde8 18. Rh6 Bg6 19. Ne5 Bxe5 20. dxe5 Rxe5 21. Qb2 Rhe8 22. g3 c5 23. b4 d4 24. bxc5 dxe3 25. f4 Rxc5 26. Rd1 Qb7 27. Qd4 a5 28. fxg5 Kb8 29. Rh2 Rxc2 30. Qf4+ Ka7 31. Nd4 Rc5 32. Rb2 Qh1+ 33. Qf1 Qxf1+ 34. Kxf1 f4 35. gxf4 Re4 36. Ne2 Rec4 37. Rd7+ Rc7 38. Kg2 Rxd7 39. Kf3 Bh5+ 40. Kxe3 Re7+ 41. Kf2 Bxe2 42. f5 Rf4+ 0-1


[Site "https://www.chess.com"]

[Event "Titled Tuesday Blitz August 23 Late 2022"]
[White "Yanchenko, Roman"]
[Black "Tanenbaum, Zachary"]
[WhiteFideId "4137329"]
[BlackFideId "2060850"]
[WhiteElo "2514"]
[BlackElo "2175"]
[Result "0-1"]
[Round "07"]
[TimeControl "180+1"]
[Date "2022.08.23"]
[WhiteClock "0:00:20"]
[BlackClock "0:00:07"]

1. d4 d5 2. c4 dxc4 3. Nc3 e5 4. d5 Nf6 5. e4 b5 6. Bg5 Bc5 7. Qf3 a6 8. a4 b4 9. Nd1 c6 10. Bxc4 Bb7 11. Rc1 Nbd7 12. Ne2 cxd5 13. Bxd5 Bxd5 14. exd5 Qb6 15. O-O O-O 16. Ng3 h6 17. Be3 Rac8 18. Nf5 Kh7 19. b3 Bxe3 20. Ndxe3 g6 21. Ne7 Rxc1 22. Rxc1 Qd6 23. Nc6 e4 24. Qg3 Qxg3 25. hxg3 Rc8 26. Rc4 Nb6 27. Rxb4 Nbxd5 28. Nxd5 Nxd5 29. Rc4 e3 30. Kf1 exf2 31. Kxf2 Kg7 32. g4 Nf6 33. b4 Nxg4+ 34. Kg3 Ne3 35. Rc5 Nf5+ 36. Kf2 Kf6 37. b5 axb5 38. axb5 Nd6 39. Kf3 Nxb5 40. Rxb5 Rxc6 41. g4 Rc4 42. Kg3 Kg7 43. Ra5 Re4 44. Rb5 g5 45. Rc5 Kg6 46. Kf3 Rf4+ 47. Kg3 f6 48. Rc6 h5 49. gxh5+ Kxh5 50. Rc8 Kg6 51. Ra8 Rd4 52. Kf3 Rb4 53. Ke3 Rb3+ 54. Ke4 f5+ 55. Kd4 g4 56. Ke5 Re3+ 57. Kf4 Rf3+ 58. Ke5 Kg5 59. Rg8+ Kh4 60. Rg7 Kg3 61. Ra7 f4 62. Kf5 Rb3 63. Rg7 Rb5+ 64. Ke4 f3 65. Ke3 Re5+ 66. Kd4 Re1 0-1


[Site "https://www.chess.com"]

[Event "Titled Tuesday Blitz August 23 Late 2022"]
[White "Yurovskykh, Oleksandr"]
[Black "Dubov, Daniil"]
[WhiteFideId "14134020"]
[BlackFideId "24126055"]
[WhiteElo "2292"]
[BlackElo "2791"]
[Result "0-1"]
[Round "07"]
[TimeControl "180+1"]
[Date "2022.08.23"]
[WhiteClock "0:00:05"]
[BlackClock "0:00:04"]

1. d4 Nf6 2. Nf3 g6 3. Bg5 Bg7 4. Nbd2 O-O 5. c3 d5 6. e3 Nbd7 7. Be2 Re8 8. O-O e5 9. Bh4 c6 10. Bg3 exd4 11. cxd4 a5 12. Rc1 Nh5 13. Bd6 Bf8 14. Bxf8 Nxf8 15. Ne5 Ng7 16. Nd3 Nf5 17. Re1 Nd6 18. Nc5 Ne6 19. Nxe6 Bxe6 20. Nb3 Qg5 21. Nc5 Bh3 22. Bf1 Bg4 23. Qc2 h5 24. Kh1 h4 25. h3 Bf5 26. Bd3 Bxd3 27. Nxd3 Re7 28. Qe2 Rae8 29. Qf3 Re6 30. Qf4 Qe7 31. Rc2 Kg7 32. Rec1 Ne4 33. Kg1 Rh8 34. Nc5 Nxc5 35. Rxc5 Qd8 36. b3 Rh5 37. a3 Re4 38. Qh2 Qb6 39. R1c3 Rf5 40. Qd6 Qa6 41. Rc1 Re6 42. Qd8 Ref6 43. R5c2 Qb5 44. a4 Qxb3 45. Qxa5 Qd3 46. Qd2 Qe4 47. Rb2 Rg5 48. f4 Rg3 49. Rc3 g5 50. Rxb7 g4 51. Kh2 gxh3 52. gxh3 Rfg6 0-1


[Site "https://www.chess.com"]